 Dungeon Crawl Stone Soup version 0.29-a0-338-g1ff7896281 (webtiles) character file.

Game seed: 14435242374924958132

910 spaghetti the Ducker (level 7, -2/52 HPs)
             Began as a Demonspawn Fighter on Apr 18, 2022.
             Was a Priest of Dithmenos.
             Slain by a troll (7 damage)
             ... on level 5 of the Dungeon.
             The game lasted 00:06:05 (3830 turns).

spaghetti the Ducker (Demonspawn Fighter)           Turns: 3830, Time: 00:06:06

Health: -2/52      AC: 17    Str: 16    XL:     7   Next: 81%
Magic:  7/7        EV:  8    Int: 12    God:    Dithmenos [***...]
Gold:   492        SH:  8    Dex: 14    Spells: 6/6 levels left

rFire   + . .      SeeInvis .   G - +3 short sword "Faacw" {spect, rElec rPois rF+, short}
rCold   . . .      Faith    .   c - +0 buckler
rNeg    . . .      Spirit   .   D - +0 chain mail
rPois   +          Reflect  .   (helmet restricted)
rElec   +          Harm     .   (no cloak)
rCorr   .          Rampage  .   (no gloves)
Will    .....                   (no boots)
Stlth   ..........              f - amulet of regeneration {@e2}
HPRegen 0.97/turn               y - +4 ring of protection
MPRegen 0.10/turn               (no ring)

@: wreathed by umbra
A: antennae 1, icemail 1, big brain 1, condensation shield
a: Renounce Religion, Shadow Step


You were on level 5 of the Dungeon.
You worshipped Dithmenos.
Dithmenos was most pleased with you.
You visited 1 branch of the dungeon, and saw 5 of its levels.

You collected 684 gold pieces.
You spent 192 gold pieces at shops.


Innate Abilities, Weirdness & Mutations

You have a pair of small antennae on your head.
A meltable icy envelope protects you from harm. (AC +4)
You have an unusually large brain. (Int +2)
A meltable shield of frost defends you. (SH +4)


   Skills:
 - Level 3.0 Fighting
 * Level 1.4 Short Blades
 - Level 2.9 Maces & Flails
 * Level 3.5 Armour
 * Level 5.1 Dodging
 + Level 5.0 Stealth
 - Level 2.6 Shields


You had 6 spell levels left.
You didn't know any spells.
Your spell library contained the following spells:

 Spells                   Type           Power      Damage    Failure   Level
 Magic Dart               Conj           0%         1d3       100%        1
 Call Imp                 Summ           0%         N/A       100%        2
 Corpse Rot               Necr/Air       0%         N/A       100%        2
 Ensorcelled Hibernation  Hex/Ice        0%         N/A       100%        2
 Poisonous Vapours        Pois/Air       0%         N/A       100%        2
 Mephitic Cloud           Conj/Pois/Air  0%         N/A       100%        3
 Spider Form              Tmut/Pois      0%         N/A       100%        3
 Anguish                  Hex/Necr       0%         N/A       100%        4

Inventory:

Hand Weapons
 a - a +0 flail {mace}
 d - a +1 flail of venom {mace}
   (You took it off a gnoll on level 3 of the Dungeon)
 g - a +0 whip {mace}
   (You took it off a hobgoblin on level 3 of the Dungeon)
 G - the +3 short sword "Faacw" (weapon) {spect, rElec rPois rF+, short}
   (You bought it in a shop on level 5 of the Dungeon)

   When its wielder attacks, the weapon's spirit leaps out and strikes again.
   The spirit shares a part of any damage it takes with its wielder.
   rF:        It protects you from fire.
   rElec:     It insulates you from electricity.
   rPois:     It protects you from poison.
Missiles
 e - 248 stones (quivered) {throwing}
 t - 8 boomerangs {throwing}
Armour
 b - a +0 scale mail
 c - a +0 buckler (worn)
 D - a +0 chain mail (worn)
   (You found it on level 4 of the Dungeon)
Magical Staves
 v - a staff of poison {!astaff}
   (You found it on level 2 of the Dungeon)
Jewellery
 f - an amulet of regeneration (around neck) {@e2}
   (You found it on level 1 of the Dungeon)
 y - a +4 ring of protection (left hand)
   (You found it on level 3 of the Dungeon)
 A - an amulet of magic regeneration {@e2}
   (You found it on level 3 of the Dungeon)
Wands
 C - a wand of mindburst (23)
   (You took it off a kobold on level 4 of the Dungeon)
 F - a wand of flame (27)
   (You took it off a goblin on level 4 of the Dungeon)
Scrolls
 h - a scroll of identify {unknown}
 i - a scroll of summoning {unknown}
 k - a scroll of torment {unknown}
 m - a scroll of brand weapon {unknown}
 n - 2 scrolls of amnesia {unknown}
 o - a scroll of noise {unknown}
 p - 2 scrolls of fog {unknown}
 r - a scroll of acquirement {unknown}
 u - a scroll of enchant armour {unknown}
 x - a scroll of magic mapping {unknown}
 H - a scroll of teleportation {unknown}
Potions
 j - a potion of mutation {unknown}
 l - a potion of cancellation {unknown}
 q - a potion of flight
 s - a potion of degeneration {unknown}
 w - a potion of attraction {unknown}
 z - a potion of brilliance {unknown}
 B - a potion of berserk rage {unknown}
 E - a potion of resistance {unknown}

Dungeon Overview and Level Annotations

Branches:
Dungeon (5/15)             Temple (0/1) D:5

Altars:
Ashenzari
Dithmenos
Gozag
Hepliaklqana
Qazlal
The Shining One

Shops:
D:5

*
#######'##.###'##..####+
#.##.## ##+## #.....#
#.....# #.##.##
#######.##.#
........!#..
.........#..#
#...##W@##..# #..
#(T##..# #. #..# ..# .
'..# .#..# ..#..# ..
#..# ... #..#


You could see a troll, a phantom and a friendly +3 short sword "Faacw" {spect,
rElec rPois rF+, short} (summoned).


Message History

😕 HP[+1]
e - 248 stones {throwing} (gained 24)
Things that are here:
a +0 shortbow {bow}; a centaur corpse 😎 HP[+1]
Your hp is fully restored (52).
A troll comes into view.
The troll shouts!
A troll is nearby!
A troll is nearby!
The troll barely misses you. The troll claws you but does no damage.
You block the troll's attack.
You hit the troll but do no damage.
Your +3 short sword "Faacw" {spect, rElec rPois rF+, short} hits the troll!
The troll bites you but does no damage. The troll claws you!
The troll barely misses you. 😕 HP[-8]
You take 8 damage, and now have 44/52 hp.
You are too injured to fight recklessly!
You are too injured to fight recklessly!
You are too injured to fight recklessly!
You are too injured to fight recklessly!
You are too injured to fight recklessly!
You are too injured to fight recklessly!
You are too injured to fight recklessly!
You are too injured to fight recklessly!
You are too injured to fight recklessly!
You are too injured to fight recklessly!
You are too injured to fight recklessly!
You hit the troll.
Your +3 short sword "Faacw" {spect, rElec rPois rF+, short} barely misses the troll.
The troll bites you! You block the troll's attack. The troll claws you.
Something unseen opens the door. 😮 HP[-10]
You take 10 damage, and now have 34/52 hp.
You hit the troll.
Your +3 short sword "Faacw" {spect, rElec rPois rF+, short} hits the troll.
The troll bites your +3 short sword "Faacw" {spect, rElec rPois rF+, short}!
Your spectral weapon shares its damage with you!
The troll closely misses your +3 short sword "Faacw" {spect, rElec rPois rF+, short}.
The troll misses your +3 short sword "Faacw" {spect, rElec rPois rF+, short}. 😮 HP[-3]
You take 3 damage, and now have 31/52 hp.
You hit the troll.
Your +3 short sword "Faacw" {spect, rElec rPois rF+, short} barely misses the troll.
You block the troll's attack. The troll closely misses you.
The troll claws you but does no damage. 😮 HP[+1]
You hit the troll.
Your +3 short sword "Faacw" {spect, rElec rPois rF+, short} hits the troll!
The troll barely misses you.
The troll claws you but does no damage. x2 😮 HP[+1]
You barely miss the troll.
Your +3 short sword "Faacw" {spect, rElec rPois rF+, short} barely misses the troll.
You block the troll's attack. The troll claws you but does no damage.
You block the troll's attack.
A phantom comes into view. 😮 HP[+1]
You barely miss the troll.
Your +3 short sword "Faacw" {spect, rElec rPois rF+, short} hits the troll.
The troll bites you!
* * * LOW HITPOINT WARNING * * *
The troll barely misses you.
The troll claws you but does no damage. 😨 HP[-12]
You take 12 damage, and now have 22/52 hp.
MASSIVE DAMAGE!! (PAUSE)
You hit the troll.
Your +3 short sword "Faacw" {spect, rElec rPois rF+, short} barely misses the troll.
The troll bites you but does no damage. You block the troll's attack.
The troll claws you but does no damage. 😨 HP[+1]
You hit the troll.
Your +3 short sword "Faacw" {spect, rElec rPois rF+, short} closely misses the troll.
The troll completely misses you. You block the troll's attack.
The troll claws you!
* * * LOW HITPOINT WARNING * * *
😨 HP[-8]
You take 8 damage, and now have 15/52 hp.
You hit the troll but do no damage.
Your +3 short sword "Faacw" {spect, rElec rPois rF+, short} hits the troll.
Your +3 short sword "Faacw" {spect, rElec rPois rF+, short} fades away.
The troll barely misses you. x3 😨 HP[+1]
You closely miss the troll.
Your +3 short sword "Faacw" {spect, rElec rPois rF+, short} closely misses the troll.
You block the troll's attack. The troll barely misses you. The troll claws you!
* * * LOW HITPOINT WARNING * * *
The troll bites you.
* * * LOW HITPOINT WARNING * * *
The troll closely misses you.
The troll claws you but does no damage. 😱 HP[-12]
You take 12 damage, and now have 4/52 hp.
MASSIVE DAMAGE!! (PAUSE)
Okay, then.
Okay, then.
You hit the troll.
Your +3 short sword "Faacw" {spect, rElec rPois rF+, short} hits the troll!
The phantom hits you but does no damage.
The troll bites you!
You die...

Skill      XL: |  1  2  3  4  5  6  7 |
---------------+----------------------+-----
Stealth        | 1 2 3 4 5 |  5.0
Dodging        | 1 3 4 5 |  5.1
Maces & Flails | 2 |  2.9
Armour         | 3 |  3.5
Short Blades   | 1 |  1.4
Fighting       | |  3.0
Shields        | |  2.6

Action                   |  1- 3 |  4- 6 |  7- 9 || total
-------------------------+-------+-------+-------++-------
Melee: Flail             |   122 |   112 |    52 ||   286
       Short sword       |       |       |    41 ||    41
Throw: Stone             |       |    36 |    19 ||    55
  Use: Potion            |       |     4 |       ||     4
 Stab: Sleeping          |     1 |     2 |       ||     3
       Invisible         |       |     2 |       ||     2
Armor: Scale mail        |    55 |    50 |     4 ||   109
       Chain mail        |       |       |    41 ||    41
Dodge: Dodged            |    57 |    72 |    57 ||   186
Block: Buckler           |    33 |    43 |    46 ||   122

Levels and vault maps discovered:
D:1:      minmay_arrival_shattered_statue, layout_loops_cross,
          chequers_ecumenical_altar_simple
D:2:      layout_basic, basic_altar
D:3:      layout_basic, marbit_many_paths, minmay_misc_feat_ornament,
          kennysheep_generic_room_10, uniq_sigmund
D:4:      minmay_polygon_palace, layout_loops_corners,
          mainiacjoe_overflow_alcove_4,
          chequers_temple_overflow_statue_of_worship
D:5:      layout_gridville, minmay_temple_entry_butterflies, serial_shops,
          nicolae_shop_stone, nicolae_shop_hallway_stairs, shop_fountains,
          uniq_ijyb, uniq_edmund

Notes
Turn   | Place    | Note
-------+----------+-------------------------------------------
     0 | D:1      | spaghetti the Demonspawn Fighter began the quest for the
                  | Orb.
     0 | D:1      | Reached XP level 1. HP: 18/18 MP: 1/1
     0 | D:1      | magus.rc [v1.9.6]
   233 | D:1      | Reached skill level 1 in Stealth
   350 | D:1      | You pick up a book of Dreams and begin reading...
   350 | D:1      | You add the spells Ensorcelled Hibernation, Spider Form and
                  | Anguish to your library.
   387 | D:1      | You pick up a book of Minor Magic and begin reading...
   387 | D:1      | You add the spells Magic Dart, Call Imp and Mephitic Cloud
                  | to your library.
   392 | D:1      | Gained mutation: You have an unusually large brain. (Int
                  | +2) [demonic ancestry]
   392 | D:1      | Reached XP level 2. HP: 24/24 MP: 2/2
   464 | D:1      | Reached skill level 2 in Stealth
   581 | D:1      | Found a faded altar of an unknown god.
   792 | D:1      | Prayed at the altar of an unknown god.
   792 | D:1      | Became a worshipper of Dithmenos the Shadowed
   792 | D:1      | Reached * piety under Dithmenos
   846 | D:2      | Reached XP level 3. HP: 29/29 MP: 3/3
  1019 | D:2      | Reached skill level 3 in Stealth
  1155 | D:2      | Found an opulent altar of Gozag.
  1378 | D:2      | Reached skill level 1 in Dodging
  1447 | D:2      | Reached XP level 4. HP: 27/35 MP: 4/4
  1643 | D:3      | Found a hazy altar of Hepliaklqana.
  1668 | D:3      | Noticed Sigmund
  1677 | D:3      | Killed Sigmund
  1678 | D:3      | Reached skill level 3 in Dodging
  1678 | D:3      | Reached skill level 4 in Stealth
  1678 | D:3      | Gained mutation: You have a pair of small antennae on your
                  | head. [demonic ancestry]
  1678 | D:3      | Reached XP level 5. HP: 36/41 MP: 5/5
  1809 | D:3      | Reached ** piety under Dithmenos
  2251 | D:3      | HP: 10/41 [poisoned by a gnoll]
  2256 | D:3      | HP: 8/41 [poisoned by a gnoll]
  2522 | D:4      | Gained mutation: A meltable shield of frost defends you.
                  | (SH +4) [demonic ancestry]
  2522 | D:4      | Reached XP level 6. HP: 47/47 MP: 6/6
  2737 | D:4      | Noticed an ice beast
  2753 | D:4      | Killed an ice beast
  2754 | D:4      | Reached skill level 2 in Maces & Flails
  2754 | D:4      | Reached skill level 4 in Dodging
  2965 | D:4      | Noticed an ice beast
  2978 | D:4      | Killed an ice beast
  2979 | D:4      | Gained mutation: A meltable icy envelope protects you from
                  | harm. (AC +4) [demonic ancestry]
  2979 | D:4      | Reached XP level 7. HP: 33/52 MP: 7/7
  3145 | D:4      | You pick up a book of Vapours and begin reading...
  3145 | D:4      | You add the spells Poisonous Vapours and Corpse Rot to your
                  | library.
  3339 | D:4      | Found a broken altar of Ashenzari.
  3367 | D:4      | Found a stormy altar of Qazlal.
  3426 | D:4      | Reached *** piety under Dithmenos
  3632 | D:5      | Entered Level 5 of the Dungeon
  3649 | D:5      | Found Ahirubi's Assorted Antiques.
  3652 | D:5      | Noticed Ijyb
  3660 | D:5      | Killed Ijyb
  3661 | D:5      | Reached skill level 3 in Armour
  3664 | D:5      | Bought a crude short sword for 192 gold pieces
  3664 | D:5      | Identified the +3 short sword "Faacw" {spect, rElec rPois
                  | rF+} (You bought it in a shop on level 5 of the Dungeon)
  3709 | D:5      | Reached skill level 5 in Dodging
  3747 | D:5      | Reached skill level 1 in Short Blades
  3747 | D:5      | Reached skill level 5 in Stealth
  3772 | D:5      | Found a staircase to the Ecumenical Temple.
  3815 | D:5      | Noticed a troll
  3829 | D:5      | HP: 6/52 [troll (11)]
  3830 | D:5      | Slain by a troll

Vanquished Creatures
  Sigmund (D:3)
  2 ice beasts (D:4)
  A centaur (D:5)
  A phantom (D:5)
  A scorpion (D:4)
  A howler monkey (D:4)
  A hound (D:5)
  2 jellies
  An iguana (D:4)
  Ijyb (D:5)
  6 adders
  A gnoll (D:3)
  An ufetubus (D:4)
  2 worms (D:2)
  6 dart slugs
  8 orcs
  11 endoplasms
  4 giant cockroaches
  5 goblins
  7 hobgoblins
  11 kobolds
  2 quokkas
  11 ball pythons
  3 bats
  3 frilled lizards
  6 rats
99 creatures vanquished.

Vanquished Creatures (others)
  2 plants (D:4)
2 creatures vanquished.

Grand Total: 101 creatures vanquished

Table legend:
 A = Non-vault XP
 B = Vault XP
 C = Vault XP percentage of total XP
 D = Non-vault monster count
 E = Vault monster count
 F = Vault count percentage of total count
                 A         B        C        D         E       F
            +---------+---------+-------+---------+---------+-------
      Total |     815 |     486 |  37.4 |      77 |      22 |  22.2
            +---------+---------+-------+---------+---------+-------
        D:1 |      29 |       0 |   0.0 |      17 |       0 |   0.0
        D:2 |      75 |       0 |   0.0 |      19 |       0 |   0.0
        D:3 |      16 |     243 |  93.8 |      10 |       4 |  28.6
        D:4 |     365 |     226 |  38.2 |      21 |      17 |  44.7
        D:5 |     330 |      17 |   4.9 |      10 |       1 |   9.1
            +---------+---------+-------+---------+---------+-------

Illustrated notes

Table legend:
 A = Kills in this place as a percentage of kills in entire the game.
 B = Kills by you in this place as a percentage of kills by you in the entire game.
 C = Kills by friends in this place as a percentage of kills by friends in the entire game.
 D = Other kills in this place as a percentage of other kills in the entire game.
 E = Experience gained in this place as a percentage of experience gained in the entire game.
 F = Experience gained in this place divided by the number of levels of this place that you have seen.
                   A       B       C       D       E      F
               +-------+-------+-------+-------+-------+----------------------
         Total | 100.0 | 100.0 |   N/A |   N/A | 100.0 | 260.2
       Dungeon | 100.0 | 100.0 |   N/A |   N/A | 100.0 | 260.2
               +-------+-------+-------+-------+-------+----------------------

Table legend: (Time is in decaauts)
 A = Elapsed time spent in this place.
 B = Non-inter-level travel time spent in this place.
 C = Inter-level travel time spent in this place.
 D = Time resting spent in this place.
 E = Time spent auto-exploring this place.
 F = Levels seen in this place.
 G = Mean time per level.
                   A        B        C        D        E       F      G
               +--------+--------+--------+--------+--------+-----+--------+
         Total |   3939 |   3837 |    102 |    454 |   2552 |   5 |  787.8 |
       Dungeon |   3939 |   3837 |    102 |    454 |   2552 |   5 |  787.8 |
               +--------+--------+--------+--------+--------+-----+--------+

Top non-repeatable levels by time:
     D:4: 1205 daAuts
     D:3: 934 daAuts
     D:1: 832 daAuts
     D:2: 764 daAuts
     D:5: 203 daAuts
